 Dungeon Crawl Stone Soup version 0.29.1-1-gd02db6906a (webtiles) character file.

Game seed: 2616061590216462673

848 H0rd4k the Cudgeller (level 8, -3/58 HPs)
             Began as a Human Artificer on Oct 14, 2022.
             Was an Initiate of Gozag.
             Slain by a gnoll sergeant
             ... wielding a +0 trident
              (6 damage)
             ... on level 6 of the Dungeon.
             The game lasted 00:06:07 (6956 turns).

H0rd4k the Cudgeller (Human Artificer)              Turns: 6956, Time: 00:06:08

Health: -3/58      AC:  4    Str: 13    XL:     8   Next: 20%
Magic:  12/12      EV: 12    Int: 13    God:    Gozag
Gold:   165        SH:  0    Dex: 14    Spells: 11/12 levels left

rFire   . . .      SeeInvis .   j - +0 mace
rCold   . . .      Faith    .   (no shield)
rNeg    . . .      Spirit   .   b - +0 leather armour
rPois   .          Reflect  .   h - +0 helmet
rElec   .          Harm     .   (no cloak)
rCorr   .          Rampage  .   (no gloves)
Will    .....                   (no boots)
Stlth   +.........              e - amulet of magic regeneration
HPRegen 0.19/turn               r - ring of flight
MPRegen 0.53/turn               (no ring)

@: flying
A: no striking features
a: Renounce Religion, Potion Petition, Call Merchant, Bribe Branch


You were on level 6 of the Dungeon.
You worshipped Gozag.
Gozag was aware of your devotion.
You visited 2 branches of the dungeon, and saw 7 of its levels.

You collected 245 gold pieces.
You paid 80 gold pieces to Gozag.

Inventory:

Hand Weapons
 j - a +0 mace (weapon)
Missiles
 w - 5 poisoned darts
Armour
 b - a +0 leather armour (worn)
 h - a +0 helmet (worn)
Jewellery
 e - an amulet of magic regeneration (around neck)
 r - a ring of flight (left hand)
Wands
 d - a wand of charming (7)
Scrolls
 a - a scroll of immolation {unknown}
 f - a scroll of enchant armour {unknown}
 l - a scroll of silence {unknown}
 m - 2 scrolls of vulnerability {unknown}
 n - a scroll of amnesia {unknown}
 s - a scroll of noise {unknown}
 t - a scroll of teleportation {unknown}
 u - a scroll of magic mapping {unknown}
Potions
 c - a potion of degeneration {unknown}
 g - a potion of curing
 i - 2 potions of haste {unknown}
 k - 2 potions of attraction {unknown}
 o - a potion of heal wounds {unknown}
 p - a potion of mutation {unknown}
 q - 2 potions of brilliance {unknown}
 v - a potion of flight {unknown}


   Skills:
 + Level 3.3 Fighting
 + Level 5.4 Maces & Flails
 - Level 2.0 Armour
 + Level 3.7 Dodging
 - Level 1.0 Stealth
 * Level 2.7 Spellcasting
 * Level 1.1 Hexes
 + Level 3.6 Evocations


You had 11 spell levels left.
You knew the following spells:

 Your Spells              Type           Power      Damage    Failure   Level
a - Slow                  Hex            16%        N/A       19%         1

Your spell library contained the following spells:

 Spells                   Type           Power      Damage    Failure   Level
 Ensorcelled Hibernation  Hex/Ice        6%         N/A       36%         2
 Passwall                 Tmut/Erth      0%         N/A       41%         2
 Scorch                   Fire           2%         2d5       41%         2
 Confusing Touch          Hex            4%         N/A       50%         3
 Swiftness                Air            1%         N/A       65%         3
 Vampiric Draining        Necr           1%         2d6       65%         3
 Flame Wave               Conj/Fire      1%         2d4       96%         4
 Summon Cactus Giant      Summ           0%         N/A       100%        6


Dungeon Overview and Level Annotations

Branches:
Dungeon (6/15)             Temple (1/1) D:5

Altars:
Ashenzari
Cheibriados
Fedhas
Gozag
Hepliaklqana
Kikubaaqudgha
Makhleb
Okawaru
Sif Muna
Vehumet
Wu Jian
Xom
Yredelemnul
The Shining One
Jiyva

Shops:
D:1 *

Annotations:
D:5 1 runed translucent door, caveywoolpert's ghost, novice MiBe


Message History

There is an open door here.
The gnoll sergeant hits you from afar with a +0 trident.
The gnoll sergeant hits you but does no damage.
You thump the gnoll sergeant!
The gnoll sergeant is moderately wounded.
The gnoll sergeant hits you with a +0 trident!
You hit the gnoll sergeant.
The gnoll sergeant is moderately wounded.
The gnoll sergeant completely misses you.
You hit the gnoll sergeant.
The gnoll sergeant is moderately wounded.
The gnoll sergeant hits you with a +0 trident!
You hit the gnoll sergeant.
The gnoll sergeant is heavily wounded.
The gnoll sergeant hits you with a +0 trident!
You barely miss the gnoll sergeant.
The gnoll sergeant is heavily wounded.
The gnoll sergeant barely misses you.
You hit the gnoll sergeant but do no damage.
The gnoll sergeant is heavily wounded.
The gnoll sergeant hits you with a +0 trident!
* * * LOW HITPOINT WARNING * * *
You hit the gnoll sergeant but do no damage.
The gnoll sergeant is heavily wounded.
The gnoll sergeant hits you with a +0 trident!
* * * LOW HITPOINT WARNING * * *
The gnoll sergeant hits you with a +0 trident.
* * * LOW HITPOINT WARNING * * *
You closely miss the gnoll sergeant.
The gnoll sergeant is heavily wounded.
The gnoll sergeant hits you with a +0 trident.
* * * LOW HITPOINT WARNING * * *
You hit the gnoll sergeant but do no damage.
The gnoll sergeant is heavily wounded.
The gnoll sergeant completely misses you.
You barely miss the gnoll sergeant.
The gnoll sergeant is heavily wounded.
The gnoll sergeant hits you with a +0 trident.
You die...
Your body crumbles into a pile of gold.

.... #.# #.# ..#########
#.# ### #.........# #.#
#.........# #.#
#.........# #.########
#.....{...# #........#
#.........# ########.#
#.........##########.###
#.........{ggg@........#
#...).....##############
#.........# #.........#
########+##


You could see a gnoll sergeant and 2 gnolls.

Vanquished Creatures
  Sigmund (D:3)
  An ice beast (D:4)
  A necrophage (D:4)
  2 scorpions (D:4)
  A hound (D:4)
  4 iguanas
  A gnoll (D:5)
  4 adders
  3 shadow imps (D:4)
  An ufetubus (D:5)
  A worm (D:5)
  A dart slug (D:3)
  An orc (D:3)
  4 ball pythons
  6 bats
  5 endoplasms
  2 giant cockroaches (D:1)
  5 goblins
  3 hobgoblins
  4 jackals
  3 quokkas
  4 frilled lizards
  5 kobolds
  5 rats
68 creatures vanquished.

Vanquished Creatures (collateral kills)
  A water moccasin (D:5)
  A hound (D:6)
  A gnoll (D:5)
  A white imp (D:5)
  An orc (D:5)
  A giant cockroach (D:4)
6 creatures vanquished.

Vanquished Creatures (others)
  A hound (D:6)
  A quasit (D:4)
  2 gnolls (D:5)
  5 demonic plants (D:4)
9 creatures vanquished.

Grand Total: 83 creatures vanquished

Notes
Turn   | Place    | Note
-------+----------+-------------------------------------------
     0 | D:1      | H0rd4k the Human Artificer began the quest for the Orb.
     0 | D:1      | Reached XP level 1. HP: 15/15 MP: 1/1
    88 | D:1      | Found Fomuofyec's Assorted Antiques.
   112 | D:1      | Reached XP level 2. HP: 6/21 MP: 2/2
   556 | D:1      | Reached skill level 1 in Maces & Flails
  1491 | D:2      | Reached XP level 3. HP: 23/26 MP: 3/3
  2139 | D:2      | Reached skill level 2 in Maces & Flails
  2139 | D:2      | Reached XP level 4. HP: 19/33 MP: 4/4
  2753 | D:3      | Found a basalt altar of Yredelemnul.
  3269 | D:3      | Noticed Sigmund
  3282 | D:3      | Killed Sigmund
  3283 | D:3      | Reached skill level 3 in Maces & Flails
  3283 | D:3      | Reached skill level 1 in Spellcasting
  3283 | D:3      | Reached XP level 5. HP: 24/39 MP: 4/6
  3283 | D:3      | Reached XP level 6. HP: 28/46 MP: 4/7
  3717 | D:3      | Found a faded altar of an unknown god.
  4021 | D:4      | Reached skill level 4 in Maces & Flails
  4574 | D:4      | Reached XP level 7. HP: 51/51 MP: 9/9
  5044 | D:4      | Found a snail-covered altar of Cheibriados.
  5095 | D:4      | Reached skill level 5 in Maces & Flails
  5721 | D:5      | Entered Level 5 of the Dungeon
  5729 | D:5      | Noticed a water moccasin
  5932 | D:5      | Learned a level 1 spell: Slow
  5987 | D:5      | Found a broken altar of Ashenzari.
  6048 | D:5      | Reached XP level 8. HP: 25/58 MP: 11/11
  6253 | D:5      | Found a staircase to the Ecumenical Temple.
  6265 | Temple   | Entered the Ecumenical Temple
  6429 | Temple   | Became a worshipper of Gozag Ym Sagoz the Greedy
  6503 | D:5      | Found a runed translucent door.
  6509 | D:5      | Noticed caveywoolpert's ghost (novice MiBe)
  6566 | D:5      | Reached skill level 1 in Hexes
  6954 | D:6      | HP: 2/58 [gnoll sergeant/+0 trident (1)]
  6956 | D:6      | Slain by a gnoll sergeant

Illustrated notes

Levels and vault maps discovered:
D:1:      lemuel_arrival_room, layout_basic, serial_shops, nicolae_shop_crystal,
          minmay_bisected
D:2:      layout_rooms, serial_curves, eino_curves_02, eino_curves_01,
          palyth_stone_intersect
D:3:      layout_basic, mainiacjoe_overflow_small_starburst,
          shapermc_ecumenical_altar_mp_highgroup, uniq_sigmund
D:4:      layout_basic, mainiacjoe_overflow_brackets, serial_demonic,
          serial_demonic_f, serial_demonic_a, serial_demonic_g,
          serial_demonic_b, minmay_misc_feat_rows
D:5:      layout_cave_pools, cheibrodos_ashenzari_chains,
          lemuel_coloured_pillars_altar, nicolae_elyvilon_temple_path,
          minmay_temple_entry_slanted, gammafunk_ghost_grave,
          kennysheep_nondescript
D:6:      cheibrodos_quashed, layout_basic
Temple:   pf_slime_end_temple

Skill      XL: |  1  2  3  4  5  6  7  8 |
---------------+-------------------------+-----
Maces & Flails | 1 2 3 4 5 |  5.4
Dodging        | 2 3 |  3.7
Fighting       | 2 3 |  3.3
Spellcasting   | 1 2 |  2.7
Hexes          | 1 |  1.1
Armour         | |  2.0
Stealth        | |  1.0
Evocations     | |  3.6

Action                   |  1- 3 |  4- 6 |  7- 9 || total
-------------------------+-------+-------+-------++-------
Melee: Club              |    24 |       |       ||    24
       Mace              |    70 |    80 |    93 ||   243
       Punch             |     1 |       |     2 ||     3
Evoke: Wand              |     4 |     8 |    16 ||    28
  Use: Potion            |       |       |     1 ||     1
 Stab: Sleeping          |       |     4 |     2 ||     6
Armor: Leather armour    |    45 |    20 |    27 ||    92
Dodge: Dodged            |    80 |    63 |    95 ||   238
